 Dungeon Sprint DCSS version 0.20.1-1-g8b1a95d (webtiles) character file.

4543 Fang the Severer (level 10, 0/73 HPs)
             Began as a Gargoyle Berserker on Oct 19, 2018.
             Was the Champion of Trog.
             Slain by a manticore (14 damage)
             ... in the Dungeon (Sprint VII: "The Pits").
             The game lasted 00:02:39 (1643 turns).

Fang the Severer (Gargoyle Berserker)               Turns: 1643, Time: 00:02:39

Health: 0/73       AC: 22    Str: 24    XL:     10   Next: 40%
Magic:  10/10      EV: 12    Int: 11    God:    Trog [******]
Gold:   0          SH:  0    Dex: 12    Spells: 9/9 levels left

rFire    . . .     SeeInvis .   j - +1 hand axe (drain)
rCold    . . .     Gourm    .   (no shield)
rNeg     + . .     Faith    .   u - +4 chain mail
rPois    ∞         Spirit   .   (no helmet)
rElec    +         Reflect  .   (no cloak)
rCorr    .         Harm     .   (no gloves)
MR       .....     NoTele   +   (no boots)
Stlth    ..........             (no amulet)
Regen    0.3/turn               q - +3 ring of dexterity
MPRegen  0.2/turn               t - +3 ring of intelligence

@: barbed spikes, berserk cooldown, slowed, very slow
A: negative energy resistance 1, electricity resistance, unbreathing,
petrification resistance, rot immunity, AC +7
a: Berserk, Trog's Hand, Brothers in Arms, Burn Spellbooks, Renounce Religion


You were in the Dungeon.
You worshipped Trog.
Trog was exalted by your worship.
You were not hungry.

You visited 1 branch

Inventory:

Hand Weapons
 j - a +1 hand axe of draining (weapon)
 o - a +2 hand axe of freezing
 r - a +3 broad axe of chopping
Armour
 u - a +4 chain mail (worn)
Jewellery
 q - a +3 ring of dexterity (left hand)
 t - a +3 ring of intelligence (right hand)
Scrolls
 i - a scroll of blinking
 k - 3 scrolls of remove curse
 l - a scroll of summoning
Potions
 a - 2 potions of invisibility
 d - 7 potions of curing
 e - 14 potions of heal wounds
 f - a potion of haste
 g - 4 potions of magic
 h - 4 potions of berserk rage
 s - 2 potions of agility
Comestibles
 c - 7 bread rations
 m - 40 fruits
 n - 7 meat rations


   Skills:
 + Level 13.1 Fighting
 + Level 15.0 Axes
 + Level 9.7 Armour
 + Level 7.6 Dodging
 + Level 3.6 Stealth


You had 9 spell levels left.
You didn't know any spells.

Dungeon Overview and Level Annotations

Branches:
Dungeon (1/1)

Altars:
Ashenzari
Cheibriados
Dithmenos
Elyvilon
Fedhas
Gozag
Hepliaklqana
Kikubaaqudgha
Makhleb
Nemelex Xobeh
Okawaru
Qazlal
Ru
Sif Muna
Trog
Uskayaw
Vehumet
Xom
Yredelemnul
Zin
The Shining One
Beogh
Jiyva
Lugonu


Innate Abilities, Weirdness & Mutations

You are resistant to torment.
Your stone body is resilient. (AC +7)
You are immune to poison.
You resist negative energy. (rN+)
You are resistant to electric shocks. (rElec)
You can survive without breathing.
You are immune to petrification.
You are immune to rotting.


Message History

You are exhausted.
You feel yourself slow down.
Unknown command.
You hit the manticore but do no damage. You hit the iguana.
You drain the iguana! The manticore bites you!
* * * LOW HITPOINT WARNING * * *
The manticore claws you!
* * * LOW HITPOINT WARNING * * *
The manticore closely misses you. The iguana misses you.
You hit the manticore but do no damage. You hit the rat.
You kill the rat!
Trog accepts your kill.
You hit the iguana but do no damage.
The manticore bites you but does no damage.
The manticore claws you but does no damage. x2
The iguana closely misses you.
Unknown command.
You hit the manticore but do no damage. You hit the iguana but do no damage.
The manticore bites you!
You die...

#####''###### ...##''#
### ...##..## ##..+
...##...## ##..#
...###...##+##..## ...#
##.†))......##
...###..###+###...# ##
...##..##.....##.l#...#.
#####..+.......'@H'...'.
#####..##.....##.V#...#.
.[[###..###+###...# ##
.[[# ##..........## .))#
#.÷.##+##..## .))##...##
##..# .))##..## ##..+
####### ###


You could see a manticore, a vampire and an iguana.

Vanquished Creatures
  A lindwurm (D)
  A deep elf mage (D)
  A manticore (D)
  2 black mambas (D)
  A hellwing (D)
  A red devil (D)
  A polar bear (D)
  6 yaks (D)
  3 vampire mosquitoes (D)
  A warg (D)
  A slave (D)
  2 orc wizards (D)
  An orc priest (D)
  An iron imp (D)
  A worker ant (D)
  An iguana (D)
  An adder (D)
  A white imp (D)
  An ooze (D)
  An adder zombie (D)
  An adder skeleton (D)
  2 leopard geckos (D)
  6 orcs (D)
  A ball python (D)
  A giant cockroach (D)
  A kobold (D)
  A quokka (D)
  2 bats (D)
  A jackal skeleton (D)
  A rat (D)
46 creatures vanquished.

Vanquished Creatures (collateral kills)
  Pikel (D)
  A black mamba (D)
  A wyvern (D)
  3 slaves (D)
6 creatures vanquished.

Grand Total: 52 creatures vanquished

Notes
Turn   | Place    | Note
-------+----------+-------------------------------------------
     0 | D        | Fang the Gargoyle Berserker began the quest for the Orb.
     0 | D        | Reached XP level 1. HP: 14/14 MP: 1/1
    18 | D        | Reached skill level 3 in Axes
    27 | D        | Found a bloodstained altar of Trog.
    27 | D        | Found a deep blue altar of Sif Muna.
    27 | D        | Found a viscous altar of Jiyva.
    27 | D        | Found a hazy altar of Hepliaklqana.
    27 | D        | Found an opulent altar of Gozag.
    61 | D        | Noticed a worker ant
    64 | D        | Reached XP level 2. HP: 17/20 MP: 2/2
    73 | D        | Reached ** piety under Trog
    73 | D        | Reached skill level 5 in Fighting
    73 | D        | Reached skill level 4 in Axes
    73 | D        | Reached XP level 3. HP: 3/26 MP: 3/3
   382 | D        | Reached *** piety under Trog
   524 | D        | Found a glowing golden altar of the Shining One.
   524 | D        | Found a glowing silver altar of Zin.
   524 | D        | Found a basalt altar of Yredelemnul.
   524 | D        | Found a shimmering altar of Xom.
   524 | D        | Found a sacrificial altar of Ru.
   524 | D        | Found a stormy altar of Qazlal.
   524 | D        | Found an iron altar of Okawaru.
   524 | D        | Found a sparkling altar of Nemelex Xobeh.
   524 | D        | Found a burning altar of Makhleb.
   524 | D        | Found a blossoming altar of Fedhas.
   524 | D        | Found a white marble altar of Elyvilon.
   524 | D        | Found a shadowy altar of Dithmenos.
   524 | D        | Found a snail-covered altar of Cheibriados.
   525 | D        | Found a radiant altar of Vehumet.
   525 | D        | Found a corrupted altar of Lugonu.
   525 | D        | Found a roughly hewn altar of Beogh.
   526 | D        | Found a hide-covered altar of Uskayaw.
   526 | D        | Found an ancient bone altar of Kikubaaqudgha.
   526 | D        | Found a shattered altar of Ashenzari.
   555 | D        | Noticed a deep elf mage
   557 | D        | Reached skill level 5 in Axes
   557 | D        | Reached XP level 4. HP: 32/32 MP: 4/4
   567 | D        | Killed a deep elf mage
   567 | D        | Reached **** piety under Trog
   567 | D        | Reached skill level 9 in Axes
   567 | D        | Reached skill level 5 in Dodging
   567 | D        | Reached XP level 5. HP: 41/41 MP: 5/5
   567 | D        | Reached XP level 6. HP: 46/46 MP: 6/6
   567 | D        | Reached XP level 7. HP: 51/51 MP: 7/7
   571 | D        | Reached ***** piety under Trog
   571 | D        | Reached skill level 5 in Armour
   586 | D        | Reached skill level 10 in Axes
   647 | D        | Noticed a lindwurm
   657 | D        | Killed a lindwurm
   657 | D        | Reached skill level 10 in Fighting
   657 | D        | Reached skill level 11 in Axes
   657 | D        | Reached XP level 8. HP: 58/58 MP: 8/8
   788 | D        | Reached ****** piety under Trog
   798 | D        | Received a gift from Trog
   835 | D        | Noticed Pikel
   835 | D        | Noticed a wyvern
   835 | D        | Noticed a black mamba
   842 | D        | Killed a black mamba
   844 | D        | Killed a wyvern
   844 | D        | Reached skill level 12 in Axes
   850 | D        | Killed Pikel
  1155 | D        | Noticed a hellwing
  1156 | D        | Noticed a red devil
  1159 | D        | Reached XP level 9. HP: 64/64 MP: 9/9
  1162 | D        | Killed a hellwing
  1165 | D        | Reached skill level 13 in Axes
  1169 | D        | Killed a red devil
  1169 | D        | Received a gift from Trog
  1177 | D        | Received a gift from Trog
  1323 | D        | Noticed a manticore
  1323 | D        | Noticed a black mamba
  1330 | D        | Killed a manticore
  1330 | D        | Reached skill level 14 in Axes
  1332 | D        | Killed a black mamba
  1332 | D        | Reached XP level 10. HP: 53/72 MP: 10/10
  1337 | D        | Received a gift from Trog
  1601 | D        | Noticed a black mamba
  1620 | D        | Killed a black mamba
  1626 | D        | Noticed a manticore
  1636 | D        | Reached skill level 15 in Axes
  1643 | D        | Slain by a manticore

Skill      XL: |  1  2  3  4  5  6  7  8  9 10 |
---------------+-------------------------------+-----
Axes           | 3 4 5 9 11 12 14 15 | 15.0
Fighting       | 4 5 6 9 10 11 12 13 | 13.1
Dodging        | 2 5 6 7 |  7.6
Armour         | 3 4 5 6 8 9 |  9.7
Stealth        | 2 3 |  3.6

Action                   |  1- 3 |  4- 6 |  7- 9 | 10-12 || total
-------------------------+-------+-------+-------+-------++-------
Melee: Hand axe          |    30 |     9 |    46 |    37 ||   122
       Broad axe         |       |       |    31 |     6 ||    37
Invok: Berserk           |     1 |     1 |     4 |     1 ||     7
       Brothers in Arms  |       |       |     1 |       ||     1
  Eat: Chunk             |       |       |     5 |       ||     5
       Bread ration      |       |       |     1 |       ||     1
Armor: Animal skin       |    13 |       |       |       ||    13
       Chain mail        |       |     2 |    48 |    29 ||    79
Dodge: Dodged            |    26 |     2 |    39 |    28 ||    95
